 Dungeon Crawl Stone Soup version 0.29-a0-575-g0dc89cf053 (webtiles) character file.

Game seed: 2604277778750680203

689 zazu2006 the Magician (level 7, -1/62 HPs)
             Began as a Naga Hedge Wizard on June 12, 2022.
             Slain by a phantom (4 damage)
             ... on level 5 of the Dungeon.
             The game lasted 00:12:08 (5918 turns).

zazu2006 the Magician (Naga Hedge Wizard)           Turns: 5918, Time: 00:12:09

Health: -1/62      AC:  5    Str: 12    XL:     7   Next: 63%
Magic:  1/14       EV:  9    Int: 17    God:
Gold:   186        SH:  0    Dex: 10    Spells: 7/16 levels left

rFire   . . .      SeeInvis +   t - +2 falchion (drain)
rCold   . . .      Faith    .   (no shield)
rNeg    . . .      Spirit   .   h - +0 leather armour
rPois   +          Reflect  .   r - +0 helmet
rElec   .          Harm     .   (no cloak)
rCorr   .          Rampage  .   (no gloves)
Will    .....                   (no barding)
Stlth   ++........              (no amulet)
HPRegen 0.20/turn               (no ring)
MPRegen 0.14/turn               (no ring)

@: flying, very slightly contaminated, invisible, unable to read, very slow
A: AC +2, large, see invisible, deformed body, poison resistance, slowness 2,
spit poison 1, naga tail 1, robust 1, inability to read while threatened
a: Spit Poison


You were on level 5 of the Dungeon.
You visited 1 branch of the dungeon, and saw 5 of its levels.

You collected 186 gold pieces.

Inventory:

Hand Weapons
 a - a +0 dagger
 q - a +0 long sword
 t - a +2 falchion of draining (weapon)
Armour
 h - a +0 leather armour (worn)
 r - a +0 helmet (worn)
Scrolls
 d - a scroll of identify {unknown}
 e - 2 scrolls of teleportation
 f - 2 scrolls of blinking {unknown}
 g - 2 scrolls of enchant weapon {unknown}
 j - a scroll of fear {unknown}
 k - 2 scrolls of poison {unknown}
 o - a scroll of magic mapping {unknown}
 s - a scroll of brand weapon {unknown}
 v - a scroll of vulnerability {unknown}
Potions
 b - a potion of mutation
 c - a potion of curing {unknown}
 l - a potion of heal wounds {unknown}
 m - a potion of invisibility
 n - a potion of berserk rage {unknown}
 p - 2 potions of haste {unknown}
 u - a potion of lignification


   Skills:
 + Level 1.2 Fighting
 + Level 2.0 Long Blades
 + Level 2.2 Armour
 + Level 2.3 Dodging
 + Level 4.0 Stealth
 + Level 5.0 Spellcasting
 + Level 3.2 Conjurations
 + Level 1.0 Summonings
 + Level 1.0 Translocations
 + Level 0.3 Air Magic
 + Level 3.5 Poison Magic


You had 7 spell levels left.
You knew the following spells:

 Your Spells              Type           Power      Damage    Failure   Level
a - Magic Dart            Conj           60%        1d6       4%          1
b - Mephitic Cloud        Conj/Pois/Air  12%        N/A       21%         3
c - Conjure Flame         Conj/Fire      9%         6-21      28%         3
d - Blink                 Tloc           14%        N/A       19%         2

Your spell library contained the following spells:

 Spells                   Type           Power      Damage    Failure   Level
 Summon Small Mammal      Summ           28%        N/A       12%         1
 Freeze                   Ice            16%        1d4       19%         1
 Slow                     Hex            16%        N/A       19%         1
 Call Imp                 Summ           7%         N/A       19%         2
 Call Canine Familiar     Summ           7%         N/A       34%         3
 Lesser Beckoning         Tloc           7%         N/A       34%         3
 Summon Guardian Golem    Hex/Summ       6%         N/A       41%         3
 Frozen Ramparts          Ice            8%         1d2       47%         3
 Hailstorm                Conj/Ice       9%         3d4       67%         4
 Manifold Assault         Tloc           7%         N/A       97%         5


Dungeon Overview and Level Annotations

Branches:
Dungeon (5/15)
 Temple: D:4-7

Altars:
Elyvilon

Annotations:
D:3 3 runed translucent doors, DocClef's ghost, amateur GnDe
D:4 3 runed translucent doors, Gelos's ghost, amateur DjWr


Innate Abilities, Weirdness & Mutations

Your serpentine skin is tough. (AC +2)
You have supernaturally acute eyesight. (SInv)
Armour fits poorly on your strangely shaped body.
Your system is resistant to poisons. (rPois)
You cover ground very slowly.
You can spit poison.
You have a snake-like lower body.
You are robust. (+10% HP)
You sometimes lose the ability to read scrolls when taking damage.


Message History

Unknown command.
Casting: Magic Dart (safe; 4% risk of failure)
Confirm with . or Enter, or press ? or * to list all spells.
Aiming: Magic Dart (safe; 4% risk of failure)
Press: ? - help, Shift-Dir - straight line, f/p - phantom
Aim: a phantom (severely damaged, 100% to hit)
The magic dart hits the phantom but does no damage.
The phantom is severely damaged.
The phantom hits you.
* * * LOW HITPOINT WARNING * * *
The phantom blinks!
You blink.
Found a stone staircase leading down.
Unknown command.
Casting: Magic Dart (safe; 4% risk of failure)
Confirm with . or Enter, or press ? or * to list all spells.
Aiming: Magic Dart (safe; 4% risk of failure)
Press: ? - help, Shift-Dir - straight line, f/p - phantom
Aim: a phantom (severely damaged, 100% to hit)
The magic dart hits the phantom.
The phantom is severely damaged.
The phantom hits you.
* * * LOW HITPOINT WARNING * * *
It was a potion of mutation.
You feel extremely strange.
You lose the ability to read scrolls when threatened.
You feel robust.
The phantom hits you but does no damage.
It was a potion of invisibility.
You fade into invisibility!
The phantom completely misses you. The phantom hits you!
You feel threatened and lose the ability to read scrolls!
* * * LOW HITPOINT WARNING * * *
The phantom blinks!
You blink.
The phantom barely misses you.
There is a stone staircase leading up here.
The phantom hits you.
* * * LOW HITPOINT WARNING * * *
The phantom blinks!
You blink.
You stop ascending the stairs.
It was a potion of flight.
You feel very buoyant.
You fly up into the air.
The phantom hits you.
You die...

##### #...# #.<.#
#...#
#####...#####
#......†..W.#
#.<...8...§@#
#........§..#
#.#######'########
#..........)......
#....⌠.......⌠....
#.................
#########'#######.
[..... ...8...>


You could see a phantom (can't see you).

Vanquished Creatures
  Grinder (D:3)
  An ogre (D:5)
  A scorpion (D:4)
  A hound (D:4)
  An iguana (D:5)
  Natasha (thrice) (D:3)
  Robin (D:2)
  4 gnolls (D:4)
  7 adders
  A worm (D:3)
  3 dart slugs (D:3)
  7 orcs
  3 endoplasms
  5 giant cockroaches
  16 goblins
  11 hobgoblins
  3 jackals (D:1)
  6 quokkas
  4 ball pythons
  5 bats
  A frilled lizard (D:2)
  11 kobolds
  7 rats
103 creatures vanquished.

Notes
Turn   | Place    | Note
-------+----------+-------------------------------------------
     0 | D:1      | zazu2006 the Naga Hedge Wizard began the quest for the Orb.
     0 | D:1      | Reached XP level 1. HP: 15/15 MP: 4/4
   353 | D:1      | Reached XP level 2. HP: 22/22 MP: 1/6
   745 | D:1      | Found a faded altar of an unknown god.
  1122 | D:1      | Reached XP level 3. HP: 28/28 MP: 6/8
  1135 | D:1      | Learned a level 3 spell: Mephitic Cloud
  1139 | D:1      | Learned a level 3 spell: Conjure Flame
  1142 | D:1      | Learned a level 2 spell: Blink
  2053 | D:2      | Noticed Robin
  2230 | D:2      | Reached XP level 4. HP: 37/37 MP: 3/9
  2294 | D:2      | Killed Robin
  2804 | D:2      | Reached skill level 4 in Spellcasting
  3337 | D:3      | Reached skill level 1 in Armour
  3345 | D:3      | Reached XP level 5. HP: 43/43 MP: 3/11
  3580 | D:3      | Reached skill level 1 in Poison Magic
  3610 | D:3      | Noticed Natasha
  3613 | D:3      | Killed Natasha
  3631 | D:3      | Found a runed translucent gate.
  3631 | D:3      | Found a runed translucent gate.
  3632 | D:3      | Found a runed translucent gate.
  3641 | D:3      | Noticed DocClef's ghost (amateur GnDe)
  3679 | D:3      | Noticed Natasha
  3686 | D:3      | Killed Natasha
  3709 | D:3      | Noticed Natasha
  3714 | D:3      | Killed Natasha
  4175 | D:3      | Noticed Grinder
  4176 | D:3      | Paralysed by Grinder for 3 turns
  4196 | D:4      | Found a runed translucent gate.
  4197 | D:4      | Found a runed translucent gate.
  4197 | D:4      | Found a runed translucent gate.
  4275 | D:4      | Reached XP level 6. HP: 41/50 MP: 6/12
  4354 | D:4      | Reached skill level 1 in Fighting
  4354 | D:4      | Reached skill level 1 in Long Blades
  5431 | D:4      | Noticed Gelos's ghost (amateur DjWr)
  5516 | D:3      | Found a white marble altar of Elyvilon.
  5571 | D:3      | Killed Grinder
  5572 | D:3      | Reached XP level 7. HP: 24/57 MP: 4/14
  5811 | D:5      | Entered Level 5 of the Dungeon
  5894 | D:5      | Reached skill level 5 in Spellcasting
  5912 | D:5      | Gained mutation: You sometimes lose the ability to read
                  | scrolls when taking damage. [potion of mutation]
  5912 | D:5      | Gained mutation: You are robust. (+10% HP) [potion of
                  | mutation]
  5917 | D:5      | HP: 3/62 [phantom (5)]
  5918 | D:5      | Slain by a phantom

Illustrated notes

Levels and vault maps discovered:
D:1:      dpeg_arrival_houses_and_road, layout_loops_corners,
          basic_ecumenical_altar
D:2:      layout_loops_ring, uniq_robin
D:3:      layout_basic, mainiacjoe_overflow_alcove_4, gammafunk_ghost_split,
          minmay_misc_feat_four_crosses, uniq_grinder, uniq_natasha
D:4:      layout_gridville, gammafunk_ghost_necromancy,
          nicolae_concentric_dashed_squares_wild, minmay_misc_feat_tiny
D:5:      layout_loops_ring, nicolae_qazlal_style_of_elements,
          minmay_temple_entry_fiery, nicolae_elevator_lobby_plus

Skill      XL: |  1  2  3  4  5  6  7 |
---------------+----------------------+-----
Dodging        | 2 |  2.3
Conjurations   | 2 3 |  3.2
Spellcasting   | 4 5 |  5.0
Armour         | 1 2 |  2.2
Poison Magic   | 2 3 |  3.5
Fighting       | 1 |  1.2
Long Blades    | 1 2 |  2.0
Stealth        | 4 |  4.0
Summonings     | |  1.0
Translocations | |  1.0
Air Magic      | |  0.3

Action                   |  1- 3 |  4- 6 |  7- 9 || total
-------------------------+-------+-------+-------++-------
Melee: Dagger            |    11 |       |       ||    11
       Long sword        |       |    30 |       ||    30
       Falchion          |       |    30 |     9 ||    39
 Cast: Magic Dart        |    87 |   139 |    19 ||   245
       Mephitic Cloud    |       |     4 |     3 ||     7
 Abil: Spit Poison       |    18 |    19 |     2 ||    39
  Use: Potion            |       |     2 |     3 ||     5
       Scroll            |       |     1 |       ||     1
 Stab: Sleeping          |       |     1 |       ||     1
Armor: Robe              |     1 |       |       ||     1
       Leather armour    |     3 |    33 |     2 ||    38
       Skin              |       |     4 |       ||     4
Dodge: Dodged            |    33 |    53 |     8 ||    94

Table legend: (Time is in decaauts)
 A = Elapsed time spent in this place.
 B = Non-inter-level travel time spent in this place.
 C = Inter-level travel time spent in this place.
 D = Time resting spent in this place.
 E = Time spent auto-exploring this place.
 F = Levels seen in this place.
 G = Mean time per level.
                   A        B        C        D        E       F      G
               +--------+--------+--------+--------+--------+-----+--------+
         Total |   6905 |   6755 |    150 |    556 |   5386 |   5 | 1381.0 |
       Dungeon |   6905 |   6755 |    150 |    556 |   5386 |   5 | 1381.0 |
               +--------+--------+--------+--------+--------+-----+--------+

Top non-repeatable levels by time:
     D:1: 1944 daAuts
     D:2: 1826 daAuts
     D:4: 1562 daAuts
     D:3: 1458 daAuts
     D:5: 114 daAuts
